 Dungeon Crawl Stone Soup version 0.31-a0-626-g8143ab4f1d (webtiles) character file.

Game seed: 15781685087043396510

39 AceOff the Stinger (level 3, -1/1 HPs)
             Began as a Spriggan Venom Mage on Aug 24, 2023.
             Slain by an adder (2 damage)
             ... on level 3 of the Dungeon.
             The game lasted 00:31:30 (2038 turns).

AceOff the Stinger (Spriggan Venom Mage)            Turns: 2038, Time: 00:31:30

Health: -1/1       AC:  2    Str:  9    XL:     3   Next: 26%
Magic:  8/8        EV: 10    Int: 18    God:
Gold:   87         SH:  0    Dex: 15    Spells: 3/7 levels left

rFire   . . .        l - melded staff of cold
rCold   . . .        (shield currently unavailable)
rNeg    . . .        a - melded +0 robe
rPois   .            (helmet currently unavailable)
rElec   .            (cloak currently unavailable)
rCorr   .            (gloves unavailable)
SInv    +            (boots unavailable)
Will    .....        p - amulet of magic regeneration
Stlth   ++           (no ring)
HPRegen 0.20/turn    (no ring)
MPRegen 0.51/turn

%: no passive effects
@: snake-form
A: constrict, reduced hp, large, no large weapons, unfitting armour, see
invisible, (speed 3)
a: Begin Untransformation


You were on level 3 of the Dungeon.
You were an enormous anaconda.
You visited 1 branch of the dungeon, and saw 3 of its levels.

You collected 87 gold pieces.

Inventory:

Hand Weapons
 f - a +0 club
 g - a +0 short sword
 j - a +1 dagger of draining
 k - a +3 whip of electrocution
 n - a +0 rapier of freezing
Armour
 a - a +0 robe (melded)
 s - a +0 robe
 t - a +1 helmet
Magical Staves
 l - a staff of cold (melded)
Jewellery
 p - an amulet of magic regeneration (around neck)
Talismans
 v - a serpent talisman (active)
 w - a beast talisman
Scrolls
 c - 4 scrolls of teleportation {unknown}
 d - a scroll of blinking
 e - a scroll of acquirement {unknown}
 i - a scroll of identify {unknown}
 o - a scroll of noise {unknown}
 q - a scroll of fog {unknown}
 r - a scroll of enchant weapon {unknown}
Potions
 b - a potion of magic
 h - a potion of curing
 m - a potion of berserk rage {unknown}
 u - a potion of haste {unknown}


   Skills:
 + Level 0.1 Fighting
 + Level 0.2 Maces & Flails
 + Level 2.9 Dodging
 + Level 3.5 Stealth
 + Level 0.1 Unarmed Combat
 + Level 2.8 Spellcasting
 + Level 2.5 Transmutations
 + Level 3.5 Poison Magic


You had 3 spell levels left.
You knew the following spells:

 Your Spells              Type           Power      Damage    Failure   Level
a - Sting                 Tmut/Pois      52%        1d5       4%          1
b - Swiftness             Air            2%         N/A       45%         3

Your spell library contained the following spells:

 Spells                   Type           Power      Damage    Failure   Level
 Poisonous Vapours        Pois/Air       16%        N/A       12%         2
 Shock                    Conj/Air       8%         1d3       17%         1
 Mephitic Cloud           Conj/Pois/Air  6%         N/A       30%         3
 Olgreb's Toxic Radiance  Pois           15%        N/A       36%         4
 Airstrike                Air            1%         2d(1-17)  86%         4


Dungeon Overview and Level Annotations

Branches:
Dungeon (3/15)

Altars:
Gozag


Innate Abilities, Weirdness & Mutations

You are an enormous anaconda.
You have a powerful constriction melee attack.
Your maximum health is decreased, since you lack skill for your form.
Your armour is entirely melded.
You are incapable of wielding weapons or throwing items.
You are very small and have problems with some larger weapons.
You are too small for most types of armour.
You have supernaturally acute eyesight. (SInv)
((You cover ground extremely quickly. (Speed+++)))


Message History

The sting hits the endoplasm.
The endoplasm partially resists.
The endoplasm is poisoned.
The endoplasm is moderately wounded.
The sting hits the endoplasm.
The endoplasm looks even sicker.
The endoplasm is almost dead.
You kill the endoplasm!
You see here a serpent talisman.
You see here a serpent talisman.
Press: ? - help, v - describe, . - travel The floor.
You see here a serpent talisman.
v - a serpent talisman You begin transforming.
You continue transforming. x3
You turn into an enormous anaconda.
Your staff of cold melds into your body.
Your +0 robe melds into your body.
HP restored.
Found a stone staircase leading up.
As you open the door, it creaks loudly!
Found a beast talisman.
There is an open door here.
Found 12 gold pieces.
You see here a beast talisman.
w - a beast talisman
There are no items here.
You now have 87 gold pieces (gained 12).
A giant cockroach comes into view.
The helpless giant cockroach fails to defend itself.
You hit the giant cockroach but do no damage.
You grab the giant cockroach. You constrict the giant cockroach.
The giant cockroach barely misses you.
You hit the giant cockroach.
You kill the giant cockroach!
Found a stone staircase leading down.
An adder comes into view.
The helpless adder fails to defend itself.
You hit the adder. Your grab misses the adder.
The adder is heavily wounded.
The adder bites you.
Ouch! That really hurt!
You die...

#..# ##.... .# ##
..##.# ## #. ##.
.. ..# #
#.##..#.##. ###
#†.# .#.#..
##########.## ....
#...........# #..#
#.........#.# #S.#
#.........#.# #.S#
#.........#.###..#
#.........#.....##
#.........####..#
..........# ##>#
#.........# ###
#.........#
#####.##### #.#


You could see an adder.

Vanquished Creatures
  A worm (D:2)
  A dart slug (D:3)
  5 endoplasms
  2 giant cockroaches
  4 goblins
  A hobgoblin (D:2)
  4 kobolds
  2 quokkas
  4 ball pythons
  3 bats
  3 rats
30 creatures vanquished.

Notes
Turn   | Place    | Note
-------+----------+-------------------------------------------
     0 | D:1      | AceOff the Spriggan Venom Mage began the quest for the Orb.
     0 | D:1      | Reached XP level 1. HP: 9/9 MP: 5/5
   410 | D:1      | Reached XP level 2. HP: 13/13 MP: 4/6
  1210 | D:2      | Found an opulent altar of Gozag.
  1422 | D:2      | Reached XP level 3. HP: 16/16 MP: 6/8
  1440 | D:2      | Learned a level 3 spell: Swiftness
  2038 | D:3      | Slain by an adder

Illustrated notes

Levels and vault maps discovered:
D:1:      amcnicky_arrival_blooded_trapdoor, layout_basic,
          palyth_stone_intersect, minivault_23
D:2:      layout_rooms, basic_altar
D:3:      layout_basic, cheibrodos_ashenzari_chains,
          mainiacjoe_overflow_alcove_4, ebering_ecumenical_altar_webs,
          nicolae_eternal_life

Skill      XL: |  1  2 |
---------------+-------+-----
Transmutations | 2 |  2.5
Fighting       | |  0.1
Maces & Flails | |  0.2
Dodging        | |  2.9
Stealth        | |  3.5
Unarmed Combat | |  0.1
Spellcasting   | |  2.8
Poison Magic   | |  3.5

Action                     || total
---------------------------++-------
  Melee: Unarmed           ||     9
         Whip              ||    14
         Staff             ||    17
         Constrict         ||     1
   Cast: Sting             ||    41
    Use: Potion            ||     3
         Scroll            ||     1
   Stab: Sleeping          ||     4
 Armour: Robe              ||     9
  Dodge: Dodged            ||    40
   Form: Anaconda          ||     1

Table legend: (Time is in decaauts)
 A = Elapsed time spent in this place.
 B = Non-inter-level travel time spent in this place.
 C = Inter-level travel time spent in this place.
 D = Time resting spent in this place.
 E = Time spent auto-exploring this place.
 F = Levels seen in this place.
 G = Mean time per level.
                   A        B        C        D        E       F      G
               +--------+--------+--------+--------+--------+-----+--------+
         Total |   1353 |    685 |    668 |      0 |    410 |   3 |  451.0 |
       Dungeon |   1353 |    685 |    668 |      0 |    410 |   3 |  451.0 |
               +--------+--------+--------+--------+--------+-----+--------+

Top non-repeatable levels by time:
     D:1: 782 daAuts
     D:2: 452 daAuts
     D:3: 118 daAuts
